 Dungeon Crawl Stone Soup version 0.19.0-20-gbc5f0c6 (webtiles) character file.

44 Gargoyl the Skirmisher (level 3, -6/29 HPs)
             Began as a Demonspawn Abyssal Knight on Nov 17, 2016.
             Was a Believer of Lugonu.
             Mangled by Sigmund
             ... wielding a +0 scythe
              (8 damage)
             ... on level 2 of the Dungeon.
             The game lasted 00:03:09 (2013 turns).

Gargoyl the Skirmisher (Demonspawn Abyssal Knight)  Turns: 2013, Time: 00:03:09

Health: -6/29      AC:  3    Str: 13      XL:     3   Next: 41%
Magic:  5/5        EV: 16    Int: 15 (16) God:    Lugonu [**....]
Gold:   87         SH:  8    Dex: 17      Spells: 0 memorised, 2 levels left

rFire  . . .     SeeInvis +     a - +1 hand axe
rCold  . . .     Gourm    .     b - +0 leather armour
rNeg   . . .     Faith    .     d - +0 buckler
rPois  .         Spirit   .     (no helmet)
rElec  .         Reflect  +     (no cloak)
rCorr  .         Harm     .     (no gloves)
MR     .....                    (no boots)
Stlth  ++........               h - +4 amulet of reflection
                                (no ring)
                                o - ring of see invisible

@: brilliant, agile
A: hooves 1, blurry vision 1, deterioration 1, dopey 1
a: Depart the Abyss, Bend Space, Renounce Religion


You were on level 2 of the Dungeon.
You worshipped Lugonu.
Lugonu was pleased with you.
You were hungry.

You visited 1 branch of the dungeon, and saw 2 of its levels.
You visited the Abyss 1 time.

You collected 87 gold pieces.

Inventory:

Hand Weapons
 a - a +1 hand axe (weapon)
Armour
 b - a +0 leather armour (worn)
 d - a +0 buckler (worn)
Jewellery
 h - a +4 amulet of reflection (around neck)
 o - a ring of see invisible (left hand)
Wands
 g - a wand of acid (7/15)
Scrolls
 j - 2 scrolls of identify {unknown}
 m - a scroll of remove curse {unknown}
Books
 e - the Papyrus of Feathery Transmutation
   (You found it on level 2 of the Abyss)

   Spells                             Type                      Level
   a - Passwall                       Transmutation/Earth          2
   b - Sticks to Snakes               Transmutation                2
   c - Summon Lightning Spire         Summoning/Air                4
   d - Conjure Ball Lightning         Conjuration/Air              6
   e - Hydra Form                     Transmutation                6
Comestibles
 c - 2 bread rations
 f - a beef jerky
 i - 3 meat rations
 k - a slice of pizza


   Skills:
 + Level 3.5 Fighting
 + Level 2.1 Axes
 * Level 2.2 Armour
 + Level 1.4 Dodging
 * Level 2.9 Invocations


You had 2 spell levels left.
You didn't know any spells.

Dungeon Overview and Level Annotations

Branches:
Dungeon (2/15)

Altars:

Annotations:
D:2 Sigmund


Innate Abilities, Weirdness & Mutations

You have large cloven feet.
Scrolls take you a little longer to read.
Your body sometimes deteriorates upon taking damage.
You are dopey. (Int -2)


Message History

Sigmund flickers and vanishes for a moment.
You closely miss Sigmund. You kick Sigmund, but do no damage.
Sigmund is lightly wounded.
Sigmund casts a spell at you. You resist with significant effort.
You closely miss Sigmund.
Sigmund is lightly wounded.
You block Sigmund's attack.
You barely miss Sigmund.
Sigmund is lightly wounded.
Sigmund points at you and mumbles some strange words.
The puff of flame hits you!
* * * LOW HITPOINT WARNING * * *
You hit Sigmund but do no damage. Your kick misses Sigmund.
Sigmund is lightly wounded.
Sigmund closely misses you.
You hit Sigmund.
Sigmund is lightly wounded.
Sigmund hits you with a scythe!
You die...

...##............
.. ##.#########.
. #.# #.# ##'##
##...## ##.....##
##.......## ###
#.....@...# ...
+.....@...+ ###
#.........#
##.......##
##....?## ##...##
##+##


You could see Sigmund (invisible).

Vanquished Creatures
  A worm (D:2)
  2 giant cockroaches (D:1)
  3 goblins (D:2)
  8 hobgoblins
  4 jackals
  4 kobolds
  2 ball pythons (D:2)
  3 bats
  6 frilled lizards
  5 rats
38 creatures vanquished.

Vanquished Creatures (collateral kills)
  A kobold (D:1)
1 creature vanquished.

Grand Total: 39 creatures vanquished

Notes
Turn   | Place    | Note
-------+----------+-------------------------------------------
     0 | Abyss:1  | Gargoyl the Demonspawn Abyssal Knight began the quest for the Orb.
     0 | Abyss:1  | Reached XP level 1. HP: 18/18 MP: 2/2
    60 | Abyss:2  | Identified the Papyrus of Feathery Transmutation
   105 | Abyss:2  | Noticed a small abomination
   128 | Abyss:2  | Noticed a starcursed mass
   141 | Abyss:2  | Noticed a large abomination
   145 | Abyss:2  | Noticed a neqoxec
   151 | Abyss:2  | Noticed a thrashing horror
   152 | D:1      | Escaped the Abyss
   289 | D:1      | Reached skill level 1 in Dodging
   353 | D:1      | Reached * piety under Lugonu
   397 | D:1      | Gained mutation: You have large cloven feet. [demonic ancestry]
   397 | D:1      | Reached XP level 2. HP: 18/24 MP: 3/3
  1272 | D:2      | Reached XP level 3. HP: 28/29 MP: 5/5
  1887 | D:2      | Reached ** piety under Lugonu
  1999 | D:2      | Noticed Sigmund
  2003 | D:2      | Gained mutation: Scrolls take you a little longer to read. [potion of mutation]
  2003 | D:2      | Gained mutation: Your body sometimes deteriorates upon taking damage. [potion of mutation]
  2003 | D:2      | Gained mutation: You are dopey. (Int -2) [potion of mutation]
  2013 | D:2      | Mangled by Sigmund

Skill      XL: |  1  2  3 |
---------------+----------+-----
Dodging        | 1 |  1.4
Armour         | 2 |  2.2
Axes           | 2 |  2.1
Fighting       | |  3.5
Invocations    | |  2.9

Action                   || total
-------------------------++-------
Melee: Hand axe          ||   120
       Kick              ||    20
Invok: Depart the Abyss  ||     1
  Use: Scroll            ||     1
       Potion            ||     3
  Eat: Chunk             ||     3
Armor: Leather armour    ||    28
Dodge: Dodged            ||    58
Block: Buckler           ||    37
